 Dungeon Crawl Stone Soup version 0.28.0-43-g3370ac3207 (webtiles) character file.

Game seed: 150630828390727015

294 mortz the Conjurer (level 6, -4/41 HPs)
             Began as a Human Conjurer on Mar 4, 2022.
             Splashed by a jelly's acid (7 damage)
             ... on level 4 of the Dungeon.
             The game lasted 00:22:54 (3676 turns).

mortz the Conjurer (Human Conjurer)                 Turns: 3676, Time: 00:22:55

Health: -4/41      AC: -7    Str:  7    XL:     6   Next: 60%
Magic:  7/11       EV: 12    Int: 21    God:
Gold:   98         SH:  0    Dex: 11    Spells: 9/12 levels left

rFire   . . .      SeeInvis .   q - +1 dagger (venom) {short}
rCold   . . .      Faith    .   (no shield)
rNeg    . . .      Spirit   .   a - +0 robe
rPois   .          Reflect  .   g - +1 helmet
rElec   .          Harm     .   (no cloak)
rCorr   .          Rampage  .   (no gloves)
Will    .....                   (no boots)
Stlth   ++........              e - amulet of regeneration {@e2}
HPRegen 0.93/turn               (no ring)
MPRegen 0.12/turn               (no ring)

@: corroded
A: no striking features
a: no special abilities


You were on level 4 of the Dungeon.
You visited 1 branch of the dungeon, and saw 4 of its levels.

You collected 98 gold pieces.


   Skills:
 * Level 0.3 Fighting
 + Level 0.2 Short Blades
 + Level 0.2 Armour
 + Level 2.6 Dodging
 + Level 2.5 Stealth
 + Level 0.3 Unarmed Combat
 + Level 3.6 Spellcasting
 + Level 5.9 Conjurations


You had 9 spell levels left.
You knew the following spells:

 Your Spells              Type           Power      Damage    Failure   Level
a - Magic Dart            Conj           100%       1d8       1%          1
b - Searing Ray           Conj           56%        2d6       1%          2

Your spell library contained the following spells:

 Spells                   Type           Power      Damage    Failure   Level
 Dazzling Flash           Conj/Hex       32%        N/A       11%         3
 Mephitic Cloud           Conj/Pois/Air  12%        N/A       17%         3
 Ignite Poison            Fire/Tmut/Pois 3%         N/A       36%         3
 Fulminant Prism          Conj/Hex       8%         3d7       36%         4
 Iskenderun's Mystic Bla  Conj/Tloc      16%        2d5       36%         4
 Freezing Cloud           Conj/Ice/Air   6%         6-21      83%         5

Inventory:

Hand Weapons
 b - a +0 dagger {short}
   (You took it off a goblin on level 1 of the Dungeon)
 f - a +0 mace {mace}
   (You found it on level 1 of the Dungeon)
 p - a +0 vorpal hand axe {axe}
   (You took it off an orc on level 3 of the Dungeon)
 q - a +1 dagger of venom (weapon) {short}
   (You took it off a goblin on level 3 of the Dungeon)
Missiles
 c - 66 stones {throwing}
Armour
 a - a +0 robe (worn)
 g - a +1 helmet (worn)
   (You found it on level 1 of the Dungeon)
 n - a +0 ring mail
   (You found it on level 3 of the Dungeon)
 o - a +0 leather armour
   (You took it off an orc on level 3 of the Dungeon)
Jewellery
 e - an amulet of regeneration (around neck) {@e2}
   (You found it on level 1 of the Dungeon)
 j - a ring of fire
   (You found it on level 1 of the Dungeon)
 k - an amulet of faith {!P}
   (You found it on level 1 of the Dungeon)
Wands
 m - a wand of flame (14)
   (You took it off Ijyb on level 2 of the Dungeon)
Scrolls
 d - a scroll of enchant armour {unknown}
 h - 3 scrolls of identify {unknown}
 i - a scroll of fog {unknown}
 t - a scroll of magic mapping {unknown}
 u - a scroll of acquirement {unknown}
Potions
 l - a potion of resistance {unknown}
 r - a potion of berserk rage {unknown}
 s - a potion of heal wounds {unknown}
 v - 2 potions of curing {unknown}

Dungeon Overview and Level Annotations

Branches:
Dungeon (4/15)
 Temple: D:4-7

Altars:

.........# .........#
.........# ### #
..?......# (.#.#
.........## ###.#.#
........... .....
........########.#########
.....).........[@.......<#
...............J>#########
............####.#
###...#####.# #.# ..+....#
#.# #.# ###....# #.# #.#
####.# #.# #.# .# #.# #.#
.# ..# #.#


You could see a jelly.


Message History

Your mp is fully restored (11).
Things that are here:
a +0 club {mace}; a +0 ring mail
v - 2 purple potions A sourceless malevolence fills the Dungeon... and a teleportation trap spontaneously manifests!
You are yanked towards some nearby monsters!
Your surroundings suddenly seem different.
A hobgoblin and a worm come into view.
A jelly comes into view.
The jelly quivers.
The hobgoblin shouts!
An adder comes into view.
You see here 19 sling bullets.
Casting: Magic Dart (safe; 1% risk of failure)
Confirm with . or Enter, or press ? or * to list all spells.
Aiming: Searing Ray (safe; 1% risk of failure)
Press: ? - help, Shift-Dir - straight line, f - you
Okay, then.
Casting: Searing Ray (safe; 1% risk of failure)
Confirm with . or Enter, or press ? or * to list all spells.
Aiming: Searing Ray (safe; 1% risk of failure)
Press: ? - help, Shift-Dir - straight line, f - adder
Aim: an adder (wandering, hasn't noticed you, 66% to hit)
The searing ray hits the adder!
The adder hisses angrily. (Press . to maintain the ray.)
The adder bites you.
The adder bites you but does no damage. 😕 HP[-1] MP[-2]
You take 1 damage, and now have 40/41 hp.
You lost 2 mp, and now have 9/11 mp.
The searing ray misses the adder.
The adder bites you. 😕 HP[-3] MP[-1]
You take 3 damage, and now have 37/41 hp.
You lost 1 mp, and now have 8/11 mp.
The searing ray hits the adder!
You kill the adder!
The hobgoblin misses you. 😕 HP[+1] MP[-1]
You lost 1 mp, and now have 7/11 mp. 😕 HP[+1] 😕 HP[+1] 😎 HP[+1]
Your hp is fully restored (41). 😎 MP[+1] 😎 MP[+1]
The jelly jiggles.
Things that are here:
a +0 club {mace}; a +0 ring mail
There is a stone staircase leading up here.
The hobgoblin barely misses you.
You climb upwards.
There is a stone staircase leading down here. 😎 MP[+1]
Casting: Searing Ray (safe; 1% risk of failure)
Confirm with . or Enter, or press ? or * to list all spells.
Aiming: Searing Ray (safe; 1% risk of failure)
Press: ? - help, Shift-Dir - straight line, f - hobgoblin
Aim: a hobgoblin (79% to hit)
The searing ray hits the hobgoblin!
You kill the hobgoblin! (Press . to maintain the ray.) 😎 MP[-2]
You lost 2 mp, and now have 8/11 mp.
You start resting. 😎 MP[+3]
Your mp is fully restored (11).
You climb downwards.
The jelly hits you. The acid corrodes you!
You are splashed with acid!
There is a stone staircase leading up here. 😮 HP[-12]
You take 12 damage, and now have 29/41 hp.
MASSIVE DAMAGE!! (PAUSE)
Casting: Searing Ray (safe; 1% risk of failure)
Confirm with . or Enter, or press ? or * to list all spells.
Aiming: Searing Ray (safe; 1% risk of failure)
Press: ? - help, Shift-Dir - straight line, f - jelly
Aim: a jelly (100% to hit)
The searing ray hits the jelly. (Press . to maintain the ray.)
The jelly hits you. The acid corrodes you!
You are splashed with acid. 😮 HP[-8] MP[-2]
You take 8 damage, and now have 21/41 hp.
You lost 2 mp, and now have 9/11 mp.
The searing ray hits the jelly.
The jelly hits you.
You are splashed with acid!
* * * LOW HITPOINT WARNING * * *
😨 HP[-8] MP[-1]
You take 8 damage, and now have 13/41 hp.
You lost 1 mp, and now have 8/11 mp.
The searing ray hits the jelly!
The jelly hits you.
* * * LOW HITPOINT WARNING * * *
You are splashed with acid!
* * * LOW HITPOINT WARNING * * *
😱 HP[-10] MP[-1]
You take 10 damage, and now have 3/41 hp.
MASSIVE DAMAGE!! (PAUSE)
You lost 1 mp, and now have 7/11 mp.
The jelly hits you.
* * * LOW HITPOINT WARNING * * *
The acid corrodes you!
You are splashed with acid!
You die...

Skill      XL: |  1  2  3  4  5 |
---------------+----------------+-----
Conjurations   | 5 |  5.9
Spellcasting   | 3 |  3.6
Fighting       | |  0.3
Short Blades   | |  0.2
Armour         | |  0.2
Dodging        | |  2.6
Stealth        | |  2.5
Unarmed Combat | |  0.3

Action                   |  1- 3 |  4- 6 || total
-------------------------+-------+-------++-------
Melee: Unarmed           |    12 |       ||    12
       Mace              |       |     3 ||     3
       Dagger            |       |    22 ||    22
 Cast: Magic Dart        |    53 |    56 ||   109
       Searing Ray       |     3 |    28 ||    31
Armor: Robe              |    12 |     5 ||    17
       Leather armour    |       |     7 ||     7
Dodge: Dodged            |    46 |    25 ||    71

Levels and vault maps discovered:
D:1:      lightli_arrival_maybe_door_vault, layout_loops_ring, minmay_cupped
D:2:      layout_rooms, minmay_misc_feat_rows
D:3:      layout_rooms, ebering_ecumenical_altar_ruins,
          kennysheep_generic_room_9, uniq_robin, uniq_ijyb
D:4:      layout_basic, grunt_temple_overflow_open, minmay_temple_entry_arrows,
          biasface_ghost_orc_armoury

Notes
Turn   | Place    | Note
-------+----------+-------------------------------------------
     0 | D:1      | mortz the Human Conjurer began the quest for the Orb.
     0 | D:1      | Reached XP level 1. HP: 13/13 MP: 3/3
     0 | D:1      | magus.rc [v1.9.6]
   244 | D:1      | Reached XP level 2. HP: 19/19 MP: 1/5
   671 | D:1      | Learned a level 2 spell: Searing Ray
   859 | D:1      | Reached XP level 3. HP: 24/24 MP: 2/6
  1237 | D:2      | You add the spells Ignite Poison, Mephitic Cloud and
                  | Freezing Cloud to your library.
  1464 | D:2      | Reached skill level 5 in Conjurations
  1531 | D:1      | Reached XP level 4. HP: 26/30 MP: 1/7
  1839 | D:3      | Noticed Ijyb
  1866 | D:2      | HP: 5/30 [Ijyb/puff of flame (6)]
  1873 | D:2      | HP: 7/30 [Ijyb/puff of flame (4)]
  1965 | D:2      | Killed Ijyb
  1966 | D:2      | Reached XP level 5. HP: 35/35 MP: 0/8
  2260 | D:3      | Noticed Robin
  2329 | D:3      | Killed Robin
  2471 | D:3      | Reached skill level 3 in Spellcasting
  2520 | D:3      | Reached XP level 6. HP: 41/41 MP: 2/10
  3105 | D:3      | Found a faded altar of an unknown god.
  3675 | D:4      | HP: 3/41 [acid (10)]
  3676 | D:4      | Splashed by a jelly's acid

Vanquished Creatures
  Ijyb (D:2)
  A scorpion zombie (D:3)
  An iguana (D:3)
  2 orc wizards (D:3)
  A hound skeleton (D:3)
  Robin (D:3)
  3 gnolls
  3 adders
  A dart slug (D:3)
  6 orcs
  2 endoplasms
  5 giant cockroaches
  14 hobgoblins
  7 jackals
  A quokka (D:1)
  6 ball pythons
  4 bats
  2 frilled lizards (D:1)
  9 goblins
  3 kobolds
  6 rats
79 creatures vanquished.

Table legend:
 A = Non-vault XP
 B = Vault XP
 C = Vault XP percentage of total XP
 D = Non-vault monster count
 E = Vault monster count
 F = Vault count percentage of total count
                 A         B        C        D         E       F
            +---------+---------+-------+---------+---------+-------
      Total |     342 |      79 |  18.8 |      63 |      16 |  20.3
            +---------+---------+-------+---------+---------+-------
        D:1 |      45 |       3 |   6.2 |      20 |       2 |   9.1
        D:2 |      60 |      38 |  38.8 |      14 |       1 |   6.7
        D:3 |     212 |      38 |  15.2 |      23 |      13 |  36.1
        D:4 |      25 |       0 |   0.0 |       6 |       0 |   0.0
            +---------+---------+-------+---------+---------+-------

Illustrated notes

Table legend:
 A = Kills in this place as a percentage of kills in entire the game.
 B = Kills by you in this place as a percentage of kills by you in the entire game.
 C = Kills by friends in this place as a percentage of kills by friends in the entire game.
 D = Other kills in this place as a percentage of other kills in the entire game.
 E = Experience gained in this place as a percentage of experience gained in the entire game.
 F = Experience gained in this place divided by the number of levels of this place that you have seen.
                   A       B       C       D       E      F
               +-------+-------+-------+-------+-------+----------------------
         Total | 100.0 | 100.0 |   N/A |   N/A | 100.0 | 105.2
       Dungeon | 100.0 | 100.0 |   N/A |   N/A | 100.0 | 105.2
               +-------+-------+-------+-------+-------+----------------------

Table legend: (Time is in decaauts)
 A = Elapsed time spent in this place.
 B = Non-inter-level travel time spent in this place.
 C = Inter-level travel time spent in this place.
 D = Time resting spent in this place.
 E = Time spent auto-exploring this place.
 F = Levels seen in this place.
 G = Mean time per level.
                   A        B        C        D        E       F      G
               +--------+--------+--------+--------+--------+-----+--------+
         Total |   3687 |   3581 |    106 |   1355 |   1393 |   4 |  921.8 |
       Dungeon |   3687 |   3581 |    106 |   1355 |   1393 |   4 |  921.8 |
               +--------+--------+--------+--------+--------+-----+--------+

Top non-repeatable levels by time:
     D:3: 1280 daAuts
     D:1: 1210 daAuts
     D:2: 1052 daAuts
     D:4: 143 daAuts
